Map: Habitation Station LE (Void)

Players

ScarletAerie

  • Race: Zerg Zerg
  • League: Platinum
  • Spawn Location: 1:00

cheWy - Winner!

  • Race: Terran Terran
  • Spawn Location: 11:00

VOD

Have the link to the VOD?

Description

Time

  • Played on: Jan. 20, 2017, 5:46 p.m.
  • Length: 15:07
Show
View Real Time Build Order
Export as new Build Order

ScarletAerie Zerg 

Build Orders: Hatch First, Muta Ling Bane 

Get SALT Encoding   

  12  0:01  Drone  
  13  0:13  Overlord  
  13  0:18  Drone  
  14  0:32  Drone x2  
  16  0:43  Drone  
  17  0:57  Hatchery  
  17  1:03  Drone  
  17  1:11  Spawning Pool  
  17  1:13  Drone  
  17  1:16  Extractor  
  16  1:19  Drone  
  16  1:22  Drone  
  18  1:30  Drone  
  19  1:40  Overlord  
  19  2:02  Zergling x4  
  19  2:06  Queen  
  23  2:08  Queen  
  23  2:11  Drone  
  26  2:17  Drone  
  26  2:19  Metabolic Boost  
  27  2:26  Drone x2  
  29  2:31  Overlord  
  29  2:34  Drone  
  30  2:43  Drone  
  31  2:45  Drone  
  31  2:59  Drone  
  31  3:04  Hatchery  
  31  3:06  Drone x3  
  34  3:19  Queen  
  36  3:22  Drone x3  
  36  3:23  Drone  
  36  3:24  Extractor  
  36  3:25  Zergling x2  
  40  3:30  Overlord  
  40  3:34  Overlord  
  41  3:41  Zergling x6  
  41  3:45  Overlord  
  43  3:51  Drone x3  
  46  4:01  Zergling x4  
  46  4:02  Zergling x4  
  50  4:05  Drone  
  51  4:12  Baneling Nest  
  51  4:13  Drone x2  
  52  4:18  Queen  
  52  4:21  Drone  
  52  4:22  Drone  
  56  4:28  Drone x4  
  56  4:29  Drone  
  61  4:39  Drone x4  
  61  4:40  Drone  
  61  4:45  Evolution Chamber  
  65  4:49  Drone  
  65  4:50  Drone x2, Evolution Chamber  
  67  4:56  Queen  
  67  4:58  Overlord, Zergling x2  
  67  4:59  Overlord  
  70  5:03  Lair  
  70  5:12  Drone x3  
  73  5:17  Overlord x3  
  73  5:21  Zerg Melee Weapons Level 1  
  73  5:23  Zerg Ground Armor Level 1  
  73  5:29  Extractor, Zergling x6  
  73  5:30  Zergling x4  
  77  5:39  Zergling x4  
  77  5:40  Zergling x6  
  82  5:51  Zergling x10  
  82  5:52  Zergling x2  
  88  5:57  Drone x2  
  88  5:58  Drone  
  91  6:05  Spire  
  91  6:10  Drone x3  
  91  6:11  Drone x2  
  95  6:18  Queen  
  95  6:20  Queen  
  95  6:22  Hatchery  
  98  6:26  Zergling x2  
  98  6:27  Zergling x10  
  98  6:28  Zergling x4  
  98  6:31  Centrifical Hooks  
  106  6:36  Baneling x6  
  106  6:37  Baneling x6  
  106  6:42  Zergling x2  
  106  6:43  Zergling x2  
  106  6:46  Overlord x3  
  106  6:47  Overlord x2  
  106  7:12  Zergling x6  
  94  7:19  Zergling x10  
  94  7:20  Zergling x6  
  97  7:27  Mutalisk  
  99  7:33  Mutalisk  
  99  7:34  Mutalisk x2  
  105  7:44  Zerg Melee Weapons Level 2  
  105  7:46  Zerg Ground Armor Level 2  
  105  7:48  Zergling x6  
  108  7:55  Extractor  
  107  8:04  Zergling x4  
  107  8:05  Overlord x3, Zergling x6  
  112  8:06  Overlord  
  112  8:14  Overlord x2  
  112  8:15  Overlord x3  
  75  8:37  Zergling x2  
  75  8:38  Zergling x34  
  89  8:46  Zergling x6  
  90  8:55  Mutalisk  
  90  8:56  Mutalisk x2  
  96  9:08  Extractor, Zergling x4  
  96  9:09  Zergling x10  
  102  9:10  Extractor  
  102  9:16  Drone x4  
  102  9:17  Drone x2, Queen  
  107  9:23  Mutalisk x3  
  111  9:27  Overseer  
  111  9:28  Overseer  
  111  9:29  Overseer  
  107  9:32  Baneling  
  107  9:33  Baneling x5  
  107  9:36  Zergling x16  
  112  9:53  Queen  
  112  9:56  Zergling x2  
  112  9:57  Zergling x22  
  119  10:05  Infestation Pit  
  116  10:07  Zergling x4  
  116  10:08  Zergling x10  
  116  10:09  Zergling x4  
  125  10:20  Mutalisk x3  
  125  10:21  Mutalisk  
  112  10:28  Queen  
  112  10:32  Zergling x14  
  112  10:33  Zergling x4  
  100  10:38  Baneling x2  
  100  10:39  Baneling x4  
  100  10:40  Baneling x5  
  100  10:42  Zergling x10  
  105  10:53  Mutalisk x4  
  108  10:59  Zergling x2  
  108  11:00  Zergling x10  
  114  11:04  Queen  
  114  11:06  Overlord x3  
  116  11:11  Hive  
  116  11:13  Mutalisk x2  
  120  11:22  Zergling x2  
  120  11:31  Zergling x8  
  120  11:32  Zergling x20  
  101  11:50  Zergling x24  
  99  11:56  Baneling x2  
  99  11:57  Baneling x2  
  99  12:00  Mutalisk x2  
  99  12:01  Mutalisk x3  
  106  12:11  Zergling x10  
  106  12:12  Zergling x2  
  106  12:14  Mutalisk x2  
  106  12:15  Mutalisk  
  111  12:40  Zergling x6  
  111  12:41  Zergling x4  
  111  12:43  Zergling x2  
  111  12:44  Zergling x4  
  119  12:45  Overlord x4  
  119  12:56  Overlord x2  
  119  12:57  Overlord  
  119  13:09  Queen  
  121  13:14  Overlord x4  
  121  13:18  Zergling x6  
  121  13:19  Zergling x8  
  128  13:20  Zergling x2  
  129  13:32  Overseer  
  128  13:34  Mutalisk x2  
  128  13:35  Mutalisk x3  
  130  13:43  Baneling x2  
  130  13:44  Baneling x6  
  126  13:50  Zergling x2  
  126  13:51  Zergling x16  
  133  14:02  Zergling x2  
  128  14:03  Zergling x16  
  128  14:06  Extractor  
  128  14:07  Extractor  
  134  14:22  Zergling x2  
  134  14:23  Zergling x14  
  105  14:48  Zergling x6  
  105  14:49  Zergling x12  
  84  15:06  Hatchery  
Show
View Real Time Build Order
Export as new Build Order

cheWy Terran - Winner!

Build Orders: MMM Bio 

Get SALT Encoding   

  12  0:01  SCV  
  13  0:13  SCV  
  14  0:19  Supply Depot  
  14  0:25  SCV  
  15  0:40  SCV  
  16  0:43  Barracks  
  16  0:50  Refinery  
  16  0:52  SCV  
  17  1:05  SCV  
  18  1:17  SCV  
  19  1:31  Marine  
  20  1:35  Command Center  
  20  1:39  Supply Depot  
  20  1:47  Orbital Command  
  20  1:51  Marine  
  21  2:08  Bunker  
  21  2:09  Marine  
  22  2:19  SCV  
  23  2:27  Barracks Tech Lab  
  23  2:35  SCV  
  24  2:37  Barracks x2  
  24  2:41  Supply Depot  
  24  2:50  Stimpack  
  24  2:53  Marauder  
  26  3:01  Orbital Command  
  26  3:04  SCV  
  27  3:10  Supply Depot  
  27  3:18  SCV  
  28  3:24  Marauder, Marine  
  28  3:25  Marine  
  32  3:27  SCV  
  32  3:30  SCV  
  34  3:38  Supply Depot  
  34  3:41  Supply Depot, SCV  
  35  3:47  Barracks Reactor x2  
  35  3:49  SCV  
  35  3:53  SCV  
  39  3:56  Marauder, Refinery  
  39  4:01  SCV  
  40  4:05  SCV  
  41  4:13  SCV  
  42  4:17  SCV  
  42  4:18  Factory  
  42  4:23  Marauder  
  45  4:24  Marine  
  45  4:25  SCV, Marine x3  
  45  4:29  SCV  
  51  4:37  SCV  
  52  4:39  Supply Depot  
  52  4:41  SCV  
  52  4:42  Marine x2  
  52  4:44  Marine  
  56  4:46  Supply Depot, Marine  
  56  4:48  Marauder  
  56  4:49  SCV  
  56  4:52  Combat Shields  
  60  4:53  SCV  
  61  5:02  Starport, SCV  
  61  5:05  Factory Reactor, SCV  
  61  5:06  Marine x2  
  61  5:07  Marine  
  65  5:08  Marine  
  65  5:09  Marine  
  65  5:14  SCV  
  69  5:19  Refinery  
  69  5:20  SCV  
  70  5:21  Refinery  
  70  5:26  Engineering Bay  
  70  5:27  Marine x3  
  70  5:28  Marine  
  74  5:31  Marauder  
  74  5:33  SCV x2  
  78  5:47  Medivac x2  
  78  5:48  Marine x3  
  78  5:49  Marine  
  86  5:53  Factory Reactor  
  86  5:57  Terran Infantry Weapons Level 1  
  86  5:58  SCV x2  
  86  6:01  Marauder  
  90  6:10  SCV  
  90  6:11  Marine x2  
  91  6:12  Command Center, Marine  
  94  6:18  Supply Depot  
  94  6:22  Supply Depot  
  94  6:38  Widow Mine x2  
  94  6:39  Marine x4  
  102  6:40  Marauder  
  102  6:45  Medivac x2  
  108  6:56  Marine  
  108  6:58  Marine  
  108  6:59  Marine x2  
  112  7:02  Marauder  
  112  7:07  Widow Mine x2  
  118  7:14  Marine  
  92  7:23  Marine x4  
  95  7:32  Marine  
  95  7:35  Widow Mine x2  
  93  7:38  SCV x2  
  93  7:39  Orbital Command  
  93  7:40  Marine  
  96  7:47  Barracks x2  
  96  7:50  Marine x2  
  96  7:51  Marauder, Marine  
  100  7:52  Concussive Shells  
  101  8:04  Widow Mine x2  
  101  8:05  SCV x2  
  108  8:10  Orbital Command  
  108  8:12  Medivac x2  
  101  8:29  Marine x5  
  101  8:32  Widow Mine x2  
  100  8:35  Barracks  
  98  8:42  Medivac x2  
  98  8:46  Marine  
  98  8:47  Marine x4  
  103  8:58  Marine x2  
  103  9:00  Terran Infantry Armor Level 1  
  103  9:01  Widow Mine x2  
  109  9:04  Marine x3  
  109  9:05  Marine x2  
  114  9:12  Medivac x2  
  114  9:16  Marine x2  
  120  9:29  Widow Mine x2  
  120  9:35  Marine x6  
  120  9:36  Refinery, Marine x2  
  120  9:37  Refinery  
  128  9:42  Medivac x2  
  122  9:52  Marine  
  122  9:53  Marine x2  
  122  9:58  Widow Mine x2  
  122  9:59  Marine x5  
  127  10:10  Marine x2  
  127  10:11  Marine  
  127  10:12  Medivac x2  
  133  10:17  Marine x4  
  133  10:19  Marine  
  127  10:26  Widow Mine x2  
  127  10:28  Marine x3  
  129  10:35  Marine x3  
  130  10:38  Marine  
  130  10:39  Marine  
  132  10:43  Medivac  
  133  10:54  Marine  
  133  11:11  Marine  
  133  11:12  Marine  
  133  11:40  Widow Mine, Medivac x2, Marine  
  133  11:43  Widow Mine, Marine x5  
  133  11:44  Marine x2  
  116  11:58  Marine  
  117  12:01  Marine x6  
  117  12:02  Marine  
  118  12:08  Widow Mine  
  118  12:10  Medivac x2  
  118  12:12  Widow Mine  
  113  12:15  Marine  
  114  12:23  Marine  
  114  12:24  Marine x6  
  121  12:33  Marine  
  121  12:37  Barracks, Widow Mine  
  122  12:38  Barracks  
  122  12:40  Barracks, Widow Mine, Medivac  
  122  12:41  Marine x3  
  122  12:42  Factory, Marine x2  
  133  12:53  Marine  
  133  13:05  Supply Depot  
  133  13:06  Supply Depot  
  133  13:08  Supply Depot  
  133  13:09  Supply Depot  
  133  13:26  Widow Mine x2, Marine x4  
  141  13:27  Marine  
  141  13:28  Medivac x2, Marine x3  
  148  13:37  Marine x3  
  148  13:39  Command Center  
  150  13:44  Marine x4  
  150  13:45  Marine x4  
  157  13:55  Widow Mine x2, Marine  
  162  14:02  Marine  
  149  14:03  Marine x6  
  149  14:04  Marine x3  
  149  14:05  Medivac  
  149  14:06  Medivac  
  162  14:13  Marine  
  163  14:20  Marine  
  163  14:21  Marine x2  
  163  14:23  Marine x7  
  165  14:32  Marine  
  165  14:33  Widow Mine  
  165  14:34  Widow Mine  
  165  14:35  Medivac  
  165  14:38  Marine  
  164  14:39  Marine  
Tags
 
Add a new tag
Caveats
  • Supply blocks, unpowered buildings, or Contaminate may cause inaccurate times.
  • Supply counts are checked every 10 seconds.